 Dungeon Crawl Stone Soup version 0.17-a0-1949-g1acca9a (webtiles) character file.

43 Ordine the Twirler (level 3, -1/45 HPs)
             Began as a Minotaur Gladiator on Oct 2, 2015.
             Slain by a shadow imp (4 damage)
             ... summoned by Natasha
             ... on level 2 of the Dungeon.
             The game lasted 00:02:36 (858 turns).

Ordine the Twirler (Minotaur Gladiator)              Turns: 858, Time: 00:02:36

Health: -1/45      AC: 21    Str: 19    XL:     3   Next: 37%
Magic:  2/2        EV:  2    Int: 10    God:
Gold:   117        SH:  0    Dex: 11    Spells: 0 memorised, 2 levels left

rFire  + . .     SeeInvis .     a - +0 quarterstaff
rCold  + . .     Clarity  .     (armour currently unavailable)
rNeg   + + +     SustAt   .     (no shield)
rPois  +         Gourm    .     (helmet currently unavailable)
rElec  +         Spirit   .     (cloak currently unavailable)
rCorr  +         Warding  .     (gloves currently unavailable)
rMut   .         NoTele   +     (boots currently unavailable)
MR     .....                    (no amulet)
Stlth  +.........               (no ring)
                                (no ring)

@: brilliant, lethally poisoned (-1 -> -9), tree-form, resistant, not resistant
to hostile enchantments, very unstealthy
A: (retaliatory headbutt), (horns 0)
a: no special abilities


You were on level 2 of the Dungeon.
You were not hungry.
You were a tree.
You visited 1 branch of the dungeon, and saw 2 of its levels.

You collected 117 gold pieces.

Inventory:

Hand weapons
 a - a +0 quarterstaff (weapon)
Missiles
 d - 3 throwing nets (quivered)
Armour
 b - a +0 leather armour (melded)
 c - a +0 hat (melded)
Scrolls
 g - 2 scrolls of teleportation
Potions
 i - a potion of haste
 k - a potion of brilliance
Comestibles
 e - 2 bread rations
 f - 2 fruits


   Skills:
 - Level 2.4 Fighting
 + Level 5.4 Staves
 - Level 2.0 Throwing
 - Level 3.2 Dodging


You had 2 spell levels left.
You didn't know any spells.

Dungeon Overview and Level Annotations

Branches:
Dungeon (2/15)

Altars:
Gozag
Nemelex Xobeh

Annotations:
D:2 Natasha


Innate Abilities, Weirdness & Mutations

((You reflexively headbutt those who attack you in melee.))
((You have a pair of horns on your head.))


Message History

You feel protected.
* * * LOW HITPOINT WARNING * * *
You feel sick.
The shadow imp hits you but does no damage.
Drink which item? (? for menu, Esc to quit)
It was a potion of brilliance.
You feel clever all of a sudden.
* * * LOW HITPOINT WARNING * * *
You feel sick.
The shadow imp hits you but does no damage.
Drink which item? (? for menu, Esc to quit)
It was a potion of lignification.
You turn into a tree.
Your +0 hat melds into your body.
Your +0 leather armour melds into your body.
Your roots penetrate the ground.
* * * LOW HITPOINT WARNING * * *
You feel sick.
Natasha mumbles some strange words.
The shadow imp hits you.
You die...

........##....#†...............#.
.####....####..........h......#..
## ###.....#.................#..
# #......................(#..
##.#.....(..........(......
#.###...<.................
####.###.....................
#.....###...5.......#.##.....
#...#.####..♣...............#
##...#..# ##........#.........
#.....#.# #...#.....###...#.#.
#.....#.###...####..###...#... #
#.......>)....# #..[##...##.# #
#.....#.###..## ##..##....#.. ##
#....##.###..# #.....##....
.###....##.#....# ##....#####.
........##.....## ##...# ##


You could see Natasha and a shadow imp.

Vanquished Creatures
  An adder (D:2)
  4 worms (D:2)
  2 giant cockroaches
  5 hobgoblins
  A quokka (D:2)
  A ball python (D:1)
  2 bats
  3 giant newts (D:1)
  A goblin (D:1)
  3 kobolds (D:1)
  A rat (D:1)
24 creatures vanquished.

Notes
Turn   | Place    | Note
--------------------------------------------------------------
     0 | D:1      | Ordine the Minotaur Gladiator began the quest for the Orb.
     0 | D:1      | Reached XP level 1. HP: 18/18 MP: 0/0
    84 | D:1      | Reached skill level 4 in Staves
   214 | D:1      | Reached XP level 2. HP: 25/25 MP: 1/1
   482 | D:2      | Reached skill level 5 in Staves
   493 | D:2      | Reached XP level 3. HP: 18/30 MP: 2/2
   745 | D:2      | Noticed Natasha
   748 | D:2      | Found a sparkling altar of Nemelex Xobeh.
   797 | D:2      | Found an opulent altar of Gozag.
   858 | D:2      | Slain by a shadow imp

Vault maps used:
D:1:      dpeg_arrival_orchard, serial_bayou_pond_e, due_unseen_surprise
D:2:      old_standard_altar, overflow_temple_1_default, uniq_natasha

Action                   || total
-------------------------++-------
Melee: Quarterstaff      ||    72
  Use: Scroll            ||     5
       Potion            ||     4
